Map: Abyssal Reef LE

Players

Patience

  • Race: Protoss Protoss
  • Spawn Location: 5:00

PiLiPiLi - Winner!

  • Race: Protoss Protoss
  • Spawn Location: 11:00

Event: IEM XI Katowice - World Championship 2017

VOD

Have the link to the VOD?

Description

Time

  • Played on: March 3, 2017, 8:37 a.m.
  • Length: 13:30

All games in this series

Show
View Real Time Build Order
Export as new Build Order

Patience Protoss 

Build Orders: Oracle Opening 

Get SALT Encoding   

  12  0:00  Probe (Chrono Boost)  
  13  0:11  Probe (Chrono Boost)  
  14  0:17  Pylon  
  14  0:22  Probe (Chrono Boost)  
  15  0:35  Probe (Chrono Boost)  
  16  0:37  Gateway  
  16  0:42  Assimilator  
  16  0:46  Probe (Chrono Boost)  
  17  0:50  Assimilator  
  17  0:56  Probe (Chrono Boost)  
  18  1:07  Probe (Chrono Boost), Gateway  
  19  1:18  Probe (Chrono Boost)  
  20  1:24  Cybernetics Core  
  20  1:28  Probe (Chrono Boost)  
  21  1:34  Pylon  
  21  1:39  Probe (Chrono Boost)  
  22  1:49  Probe (Chrono Boost)  
  25  2:01  Adept x2  
  25  2:03  Warp Gate, Mothership Core (Chrono Boost)  
  29  2:12  Pylon  
  29  2:21  Probe (Chrono Boost)  
  30  2:30  Stargate  
  30  2:36  Probe (Chrono Boost)  
  31  2:39  Adept  
  31  2:42  Adept  
  35  3:09  Nexus  
  35  3:11  Oracle  
  38  3:23  Pylon  
  39  3:27  Probe (Chrono Boost)  
  39  3:39  Robotics Facility  
  39  3:43  Probe (Chrono Boost)  
  40  4:01  Probe (Chrono Boost)  
  45  4:11  Probe (Chrono Boost)  
  45  4:14  Pylon  
  46  4:20  Twilight Council  
  46  4:22  Probe (Chrono Boost)  
  46  4:24  Stalker x2  
  44  4:28  Probe (Chrono Boost)  
  45  4:33  Observer  
  46  4:40  Probe x2 (Chrono Boost)  
  46  4:45  Pylon  
  48  4:49  Blink, Stalker x2  
  48  4:52  Probe (Chrono Boost)  
  52  5:07  Pylon  
  52  5:08  Probe x2 (Chrono Boost)  
  50  5:25  Stalker x2  
  54  5:29  Observer  
  54  5:30  Probe x2 (Chrono Boost)  
  54  5:33  Gateway  
  53  5:42  Probe x2 (Chrono Boost)  
  55  5:50  Nexus  
  55  5:54  Probe (Chrono Boost)  
  55  5:55  Pylon  
  57  5:57  Probe (Chrono Boost)  
  57  6:02  Stalker  
  59  6:07  Stalker  
  59  6:10  Probe x2 (Chrono Boost)  
  63  6:13  Assimilator  
  63  6:18  Assimilator  
  63  6:25  Probe (Chrono Boost)  
  64  6:28  Dark Shrine  
  64  6:29  Warp Prism  
  64  6:30  Pylon  
  64  6:32  Probe (Chrono Boost)  
  65  6:37  Probe (Chrono Boost)  
  68  6:40  Stalker  
  70  6:50  Probe x2 (Chrono Boost)  
  70  6:51  Pylon  
  72  7:02  Probe x2 (Chrono Boost)  
  72  7:13  Probe (Chrono Boost)  
  72  7:15  Probe (Chrono Boost), Stalker  
  75  7:16  Stalker x2  
  75  7:17  Probe (Chrono Boost)  
  75  7:19  Observer  
  75  7:22  Forge  
  82  7:24  Probe (Chrono Boost)  
  82  7:27  Probe (Chrono Boost)  
  82  7:29  Probe (Chrono Boost)  
  83  7:34  Probe (Chrono Boost)  
  82  7:39  Probe (Chrono Boost)  
  83  7:45  Protoss Ground Weapons Level 1  
  83  7:48  Gateway  
  83  7:49  Gateway, Immortal  
  83  7:52  Gateway  
  83  7:54  Gateway  
  83  7:56  Sentry  
  83  7:57  Gateway  
  89  8:08  Probe (Chrono Boost)  
  89  8:09  Probe (Chrono Boost)  
  89  8:10  Probe (Chrono Boost)  
  91  8:14  Assimilator  
  91  8:18  Assimilator  
  90  8:20  Pylon  
  90  8:24  Stalker x3  
  94  8:30  Probe (Chrono Boost)  
  94  8:32  Probe x2 (Chrono Boost)  
  97  8:47  Probe x3 (Chrono Boost)  
  100  8:51  Stalker x4  
  100  8:54  Pylon  
  100  8:55  Pylon  
  108  9:00  Adept x3  
  114  9:22  Dark Templar x3  
  114  9:23  Dark Templar x4  
  128  9:35  Nexus, Protoss Ground Weapons Level 2  
  128  9:38  Pylon  
  128  9:55  Dark Templar x3  
  134  10:07  Dark Templar x2  
  134  10:08  Adept x2  
  134  10:09  Archon x3  
  134  10:10  Archon x2  
  134  10:12  Archon  
  104  10:37  Stalker x5  
  104  10:41  Probe x3 (Chrono Boost)  
  107  10:43  Pylon  
  107  10:44  Stalker  
  107  10:45  Stalker  
  93  10:52  Resonating Glaives  
  93  11:03  Stalker x4  
  98  11:22  Stalker  
  98  11:23  Stalker  
  86  11:28  Stalker  
  86  11:29  Stalker x3  
  86  11:31  Immortal  
  85  11:46  Nexus  
  83  11:53  Stalker x5  
  91  11:59  Stalker  
  53  12:58  Pylon  
  47  13:21  Gateway  
  47  13:23  Gateway  
  47  13:24  Gateway  
Show
View Real Time Build Order
Export as new Build Order

PiLiPiLi Protoss - Winner!

Build Orders: Phoenix Opening 

Get SALT Encoding   

  12  0:00  Probe (Chrono Boost)  
  13  0:11  Probe (Chrono Boost)  
  14  0:18  Pylon  
  14  0:22  Probe (Chrono Boost)  
  15  0:36  Probe (Chrono Boost)  
  15  0:37  Gateway  
  16  0:42  Assimilator  
  16  0:47  Probe (Chrono Boost)  
  17  0:52  Assimilator  
  17  0:57  Probe (Chrono Boost)  
  18  1:05  Gateway  
  18  1:08  Probe (Chrono Boost)  
  19  1:18  Probe (Chrono Boost)  
  19  1:23  Cybernetics Core  
  20  1:31  Probe (Chrono Boost)  
  21  1:35  Pylon  
  21  1:41  Probe (Chrono Boost)  
  22  1:52  Probe (Chrono Boost)  
  23  1:55  Warp Gate  
  23  2:00  Stalker x2  
  27  2:23  Stargate  
  27  2:27  Probe (Chrono Boost)  
  28  2:30  Pylon  
  28  2:36  Pylon  
  28  2:41  Probe (Chrono Boost)  
  29  3:02  Probe (Chrono Boost)  
  29  3:04  Phoenix  
  30  3:05  Pylon  
  34  3:16  Mothership Core (Chrono Boost)  
  34  3:18  Nexus  
  34  3:26  Phoenix  
  34  3:28  Pylon  
  37  3:41  Probe (Chrono Boost)  
  37  3:48  Phoenix  
  37  3:53  Probe (Chrono Boost)  
  40  4:06  Probe (Chrono Boost)  
  41  4:10  Phoenix  
  41  4:11  Stargate  
  44  4:18  Probe (Chrono Boost)  
  44  4:24  Pylon  
  44  4:27  Assimilator  
  44  4:30  Probe (Chrono Boost)  
  44  4:31  Probe (Chrono Boost)  
  46  4:33  Adept  
  48  4:42  Probe (Chrono Boost)  
  48  4:43  Probe (Chrono Boost)  
  50  4:48  Pylon  
  51  4:54  Probe x2 (Chrono Boost), Void Ray  
  56  5:05  Probe (Chrono Boost)  
  56  5:06  Probe (Chrono Boost)  
  56  5:20  Probe x2 (Chrono Boost)  
  53  5:21  Adept x2  
  54  5:31  Probe (Chrono Boost)  
  54  5:32  Probe (Chrono Boost)  
  56  5:35  Void Ray  
  61  5:44  Probe (Chrono Boost)  
  61  5:47  Probe (Chrono Boost)  
  62  5:51  Assimilator  
  62  5:56  Probe (Chrono Boost)  
  63  5:57  Probe (Chrono Boost)  
  63  6:00  Void Ray  
  68  6:08  Probe x2 (Chrono Boost)  
  70  6:18  Probe (Chrono Boost), Void Ray  
  71  6:20  Probe (Chrono Boost)  
  72  6:26  Robotics Facility  
  72  6:29  Probe (Chrono Boost)  
  73  6:33  Protoss Air Weapons Level 1  
  73  6:35  Pylon  
  74  6:41  Probe (Chrono Boost)  
  74  6:46  Probe (Chrono Boost)  
  75  6:51  Void Ray  
  75  6:53  Probe (Chrono Boost)  
  80  6:57  Pylon  
  80  7:10  Observer  
  80  7:14  Void Ray  
  85  7:21  Adept x2  
  85  7:22  Pylon  
  89  7:28  Void Ray  
  89  7:37  Observer  
  90  7:46  Probe x2 (Chrono Boost)  
  90  7:48  Pylon  
  92  7:54  Immortal  
  92  7:56  Forge  
  92  7:57  Void Ray  
  101  8:06  Probe (Chrono Boost)  
  102  8:13  Probe (Chrono Boost)  
  101  8:23  Probe (Chrono Boost)  
  101  8:25  Nexus  
  102  8:28  Pylon  
  102  8:30  Probe (Chrono Boost)  
  102  8:31  Pylon  
  101  8:37  Photon Cannon  
  101  8:40  Void Ray  
  101  8:41  Immortal  
  101  8:43  Photon Cannon  
  109  8:49  Void Ray  
  109  8:53  Probe (Chrono Boost)  
  115  9:03  Probe (Chrono Boost)  
  114  9:18  Pylon  
  114  9:21  Pylon  
  114  9:22  Pylon  
  114  9:24  Fleet Beacon  
  114  9:32  Void Ray  
  114  9:38  Probe (Chrono Boost)  
  119  9:39  Void Ray  
  119  9:45  Immortal  
  123  9:52  Assimilator  
  127  9:59  Assimilator  
  127  10:10  Adept x2, Mothership Core (Chrono Boost)  
  127  10:11  Pylon  
  123  10:30  Void Ray  
  123  10:33  Adept x2  
  120  10:40  Photon Cannon, Void Ray  
  122  10:43  Immortal  
  122  11:01  Probe (Chrono Boost)  
  123  11:07  Void Ray  
  123  11:11  Adept x2  
  128  11:18  Immortal  
  127  11:30  Void Ray  
  114  11:46  Mothership Core (Chrono Boost)  
  109  11:52  Stalker  
  94  12:22  Immortal  
  87  13:03  Pylon  

Tags
 
Add a new tag
Caveats
  • Supply blocks, unpowered buildings, or Contaminate may cause inaccurate times.
  • Supply counts are checked every 10 seconds.